 Dungeon Crawl Stone Soup version 0.32-a0-818-gb728d0252e (webtiles) character file.

Game seed: 18355722159561279122

1329 Fodor the Cleaver (level 8, -4/69 HPs)
             Began as a Minotaur Fighter on Mar 23, 2024.
             Was an Initiate of Gozag.
             Slain by a yak (6 damage)
             ... on level 6 of the Dungeon.
             The game lasted 00:13:23 (4238 turns).

Fodor the Cleaver (Minotaur Fighter)                Turns: 4238, Time: 00:13:23

Health: -4/69      AC: 13    Str: 22    XL:     8   Next: 34%
Magic:  7/7        EV:  6    Int:  5    God:    Gozag
Gold:   274        SH:  4    Dex: 11    Spells: 7/7 levels left

rFire   . . .        a - +0 war axe
rCold   . . .        c - +0 buckler
rNeg    . . .        h - +0 plate armour
rPois   .            (helmet currently unavailable)
rElec   .            (cloak currently unavailable)
rCorr   .            (gloves currently unavailable)
SInv    .            (boots currently unavailable)
Will    +....        (no amulet) Stlth
                     u - ring of willpower
HPRegen 0.31/turn    (no ring)
MPRegen 0.10/turn

%: no passive effects
@: beast-form
A: beast (slay +1), horns 2, retaliatory headbutt
a: Begin Untransformation, Renounce Religion, Potion Petition, Call Merchant,
Bribe Branch


You were on level 6 of the Dungeon.
You worshipped Gozag.
Gozag was aware of your devotion.
You were a hulking beast.
You visited 2 branches of the dungeon, and saw 7 of its levels.

You collected 426 gold pieces.
You spent 52 gold pieces at shops.
You paid 100 gold pieces to Gozag.

Inventory:

Hand Weapons
 a - a +0 war axe (weapon)
 x - a +0 shortbow
Armour
 c - a +0 buckler (worn)
 h - a +0 plate armour (worn)
 s - a +0 cloak
 t - a +0 pair of boots
Jewellery
 q - an amulet of regeneration
 u - a ring of willpower (left hand)
 v - an amulet of reflection
Talismans
 d - a beast talisman (active)
Wands
 r - a wand of charming (17)
Scrolls
 b - a scroll of revelation {unknown}
 f - 4 scrolls of fear
 i - 2 scrolls of enchant weapon {unknown}
 j - 6 scrolls of teleportation
 l - 2 scrolls of amnesia
 m - a scroll of immolation {unknown}
 n - a scroll of enchant armour {unknown}
 o - a scroll of noise {unknown}
 p - 2 scrolls of fog {unknown}
 w - a scroll of torment {unknown}
Potions
 e - 2 potions of haste
 g - 2 potions of attraction


   Skills:
 + Level 5.6 Fighting
 + Level 8.4 Axes
 + Level 6.7 Armour
 + Level 1.8 Dodging
 + Level 5.2 Shields
 + Level 2.0 Shapeshifting


You had 7 spell levels left.
You didn't know any spells.
Your spell library contained the following spells:

 Spells                   Type           Power      Damage    Failure   Level
 Summon Small Mammal      Summ           0%         N/A       100%        1
 Cigotuvi's Dreadful Rot  Necr/Alch/Air  0%         N/A       100%        2
 Call Canine Familiar     Summ           0%         N/A       100%        3
 Summon Ice Beast         Ice/Summ       0%         N/A       100%        3
 Tukima's Dance           Hex            0%         N/A       100%        3
 Dimensional Bullseye     Hex/Tloc       0%         N/A       100%        4
 Ignite Poison            Fire/Alch      0%         N/A       100%        4
 Iskenderun's Mystic Bla  Conj/Tloc      0%         2d3       100%        4
 Summon Blazeheart Golem  Fire/Summ      0%         N/A       100%        4
 Freezing Cloud           Conj/Ice/Air   0%         6-21      100%        5
 Summon Mana Viper        Hex/Summ       0%         N/A       100%        5
 Monstrous Menagerie      Summ           0%         N/A       100%        7


Dungeon Overview and Level Annotations

Branches:
Dungeon (6/15)             Temple (1/1) D:5

Altars:
Ashenzari
Cheibriados
Elyvilon
Fedhas
Gozag
Makhleb
Nemelex Xobeh
Okawaru
Qazlal
Ru
Sif Muna
Trog
Uskayaw
Vehumet
Wu Jian
Xom
Yredelemnul
Zin
The Shining One

Shops:
D:2 ?

Annotations:
Temple 2 transporters


Innate Abilities, Weirdness & Mutations

You are a hulking beast.
Your limbs bulge with bestial killing power. (Slay +1)
You have a pair of horns on your head.
You reflexively headbutt those who attack you in melee.


Message History

You see here a scroll labelled IMURES IGOHURU.
The yak is no longer distracted by gold.
The yak snorts and paws the ground.
The yak gores you but does no damage.
The yak bellows!
You hit the yak but do no damage. Your headbutt misses the yak.
You hit the yak but do no damage. The yak gores you.
You block the yak's attack.
You barely miss the yak. You hit the yak. The yak gores you. x3
You slash the yak!
The yak is moderately wounded.
You slash the yak! The yak gores you! You block the yak's attack.
The yak gores you but does no damage.
You hit the yak. Your headbutt misses the yak.
The yak is heavily wounded.
You barely miss the yak. The yak gores you. The yak gores you!
The yak is distracted by your dazzling golden aura.
The yak is no longer distracted by gold.
The yak gores you! The yak attacks as it pursues you! The yak gores you.
The yak attacks as it pursues you! The yak gores you!
* * * LOW HITPOINT WARNING * * *
The yak attacks as it pursues you! The yak closely misses you.
You slash the yak! You headbutt the yak.
The yak is moderately wounded.
You barely miss the yak. The yak gores you.
* * * LOW HITPOINT WARNING * * *
The yak gores you!
* * * LOW HITPOINT WARNING * * *
You hit the yak.
The yak is heavily wounded.
You barely miss the yak. You slash the yak!
The yak gores you but does no damage. x2; The yak gores you.
* * * LOW HITPOINT WARNING * * *
You barely miss the yak.
The yak is heavily wounded.
You hit the yak. You barely miss the yak. You closely miss the yak.
The yak gores you.
You die...
Your body crumbles into a pile of gold.

.............#..##.........
....##$.........#......#.#
#..............###.....##.
..##.....?.......#.........
..........#...............
#..........#.......##....##
#..................#.....##
##....###YYY.......##....#
....# #.Yh..........#...#
.... ##..........#.##.## ..
###.#.###.....### #####
###....# ###..# ####


You could see 4 yaks.

Vanquished Creatures
  Sigmund (D:4)
  Eustachio (D:5)
  2 black bears
  A centaur (D:5)
  2 scorpions
  A bombardier beetle (D:4)
  2 jellies
  Crazy Yiuf (D:4)
  3 hounds (D:5)
  An orc priest (D:6)
  5 orc wizards
  2 iguanas
  8 adders
  2 ufetubi (D:5)
  2 ribbon worms
  12 orcs
  12 ball pythons
  14 endoplasms
  9 giant cockroaches
  11 goblins
  9 hobgoblins
  5 jackals (D:1)
  6 quokkas
  9 bats
  4 frilled lizards
  8 kobolds
  5 rats
138 creatures vanquished.

Notes
Turn   | Place    | Note
-------+----------+-------------------------------------------
     0 | D:1      | Fodor the Minotaur Fighter began the quest for the Orb.
     0 | D:1      | Reached XP level 1. HP: 19/19 MP: 0/0
    58 | D:1      | Found a large runed translucent door.
    58 | D:1      | Found a large runed translucent door.
    76 | D:1      | Reached XP level 2. HP: 27/27 MP: 1/1
    82 | D:1      | HP: 1/27 [constriction (1)]
   200 | D:1      | Reached skill level 3 in Axes
   224 | D:1      | Reached XP level 3. HP: 33/33 MP: 2/2
   942 | D:2      | Reached XP level 4. HP: 21/40 MP: 3/3
  1200 | D:2      | Reached skill level 4 in Axes
  1466 | D:2      | Found Imyanuce's Magic Scroll Shoppe.
  1482 | D:2      | Bought a scroll of identify for 26 gold pieces
  1482 | D:2      | Bought a scroll of identify for 26 gold pieces
  1530 | D:2      | Found a faded altar of an unknown god.
  1840 | D:3      | Reached XP level 5. HP: 10/46 MP: 4/4
  2462 | D:4      | Reached skill level 5 in Armour
  2498 | D:4      | Reached skill level 5 in Axes
  2631 | D:4      | Noticed Sigmund
  2637 | D:4      | Killed Sigmund
  2638 | D:4      | Reached skill level 1 in Shapeshifting
  2638 | D:4      | Reached XP level 6. HP: 37/53 MP: 5/5
  2778 | D:4      | Found a runed translucent door.
  2779 | D:4      | Noticed Crazy Yiuf
  2787 | D:4      | Killed Crazy Yiuf
  2788 | D:4      | Reached skill level 6 in Axes
  2895 | D:4      | Reached skill level 1 in Dodging
  2914 | D:4      | Reached XP level 7. HP: 48/60 MP: 6/6
  3023 | D:5      | Entered Level 5 of the Dungeon
  3101 | D:5      | Noticed Eustachio
  3102 | D:5      | Upgraded the game from 0.32-a0-814-g0968bab981 to
                  | 0.32-a0-818-gb728d0252e
  3102 | D:5      | Found a staircase to the Ecumenical Temple.
  3147 | D:5      | Killed Eustachio
  3148 | D:5      | Reached skill level 7 in Axes
  3317 | D:5      | Reached skill level 5 in Fighting
  3323 | Temple   | Found a transporter.
  3323 | Temple   | Found a transporter.
  3323 | Temple   | Found a transporter.
  3323 | Temple   | Found a transporter.
  3323 | Temple   | Entered the Ecumenical Temple
  3353 | Temple   | Became a worshipper of Gozag Ym Sagoz the Greedy
  3753 | D:5      | Reached XP level 8. HP: 68/68 MP: 7/7
  3806 | D:5      | Reached skill level 8 in Axes
  3976 | D:6      | Reached skill level 5 in Shields
  4236 | D:6      | HP: 3/69 [yak (8)]
  4237 | D:6      | HP: 1/69 [yak (2)]
  4238 | D:6      | Slain by a yak

Illustrated notes

Levels and vault maps discovered:
D:1:      erik_arrival_cave_to_civilisation [erik_arrival_cave_to_temple],
          layout_basic, grunt_decor_resistance
D:2:      layout_rooms, serial_shops, shop, nicolae_ecumenical_lake_church,
          hangedman_decor_opposing, glass_columns_a
D:3:      layout_rooms, serial_corexii_hall, corexii_hall_statues_x,
          chequers_hall_statues_wall_a, corexii_hall_statues_deadend,
          chequers_hall_statues_corner_a
D:4:      layout_rooms, minmay_misc_feat_pillars, uniq_sigmund,
          uniq_crazy_yiuf_cottage
D:5:      layout_basic, minmay_temple_entry_arrows, kennysheep_generic_room_12,
          uniq_eustachio
D:6:      layout_cave_pools, minivault_23
Temple:   hellmonk_temple_divided_pantheon

Skill      XL: |  1  2  3  4  5  6  7  8 |
---------------+-------------------------+-----
Armour         | 4 5 6 |  6.7
Shields        | 4 5 |  5.2
Fighting       | 4 5 |  5.6
Axes           | 3 4 5 6 7 8 |  8.4
Shapeshifting  | 1 2 |  2.0
Dodging        | 1 |  1.8

Action                     |  1- 3 |  4- 6 |  7- 9 || total
---------------------------+-------+-------+-------++-------
  Melee: War axe           |    79 |   134 |    98 ||   311
         Headbutt          |     5 |    15 |    16 ||    36
    Use: Potion            |     1 |       |     2 ||     3
         Scroll            |       |     4 |     1 ||     5
 Armour: Plate armour      |   119 |   171 |   190 ||   480
  Dodge: Dodged            |    33 |    38 |    55 ||   126
  Block: Buckler           |    28 |    27 |    43 ||    98
   Form: Beast             |       |     1 |       ||     1

Table legend: (Time is in decaauts)
 A = Elapsed time spent in this place.
 B = Non-inter-level travel time spent in this place.
 C = Inter-level travel time spent in this place.
 D = Time resting spent in this place.
 E = Time spent auto-exploring this place.
 F = Levels seen in this place.
 G = Mean time per level.
                   A        B        C        D        E       F      G
               +--------+--------+--------+--------+--------+-----+--------+
         Total |   4306 |   4263 |     43 |    334 |   2579 |   7 |  615.1 |
       Dungeon |   4218 |   4175 |     43 |    297 |   2579 |   6 |  703.0 |
        Temple |     87 |     87 |      0 |     37 |      0 |   1 |   87.0 |
               +--------+--------+--------+--------+--------+-----+--------+

Top non-repeatable levels by time:
     D:1: 920 daAuts
     D:5: 855 daAuts
     D:2: 760 daAuts
     D:4: 727 daAuts
     D:3: 687 daAuts
     D:6: 267 daAuts
  Temple: 87 daAuts
